Map: Romanticide LE

Players

Pumba - Winner!

  • Race: Zerg Zerg
  • League: Gold
  • Spawn Location: 11:00

AltFFourMe

  • Race: Protoss Protoss
  • Spawn Location: 5:00

VOD

Have the link to the VOD?

Description

Time

  • Played on: Aug. 3, 2021, 7:45 p.m.
  • Length: 8:36
Show
View Real Time Build Order
Export as new Build Order

Pumba Zerg - Winner!

Build Orders: Pool First 

Get SALT Encoding   

  12  0:01  Drone  
  13  0:13  Overlord  
  13  0:17  Drone  
  14  0:32  Drone x2  
  16  0:44  Drone  
  16  0:47  Spawning Pool  
  16  0:51  Drone  
  17  1:08  Hatchery  
  16  1:12  Drone  
  16  1:17  Extractor  
  16  1:21  Drone  
  16  1:22  Drone  
  18  1:32  Drone  
  18  1:34  Queen  
  21  1:47  Overlord  
  21  2:00  Drone  
  22  2:09  Drone  
  22  2:10  Queen  
  25  2:17  Metabolic Boost  
  25  2:21  Drone  
  26  2:23  Drone x2  
  28  2:40  Drone x2  
  28  2:42  Zergling x2  
  31  2:49  Drone x3  
  31  2:50  Overlord  
  34  2:57  Overlord  
  34  3:05  Roach Warren  
  33  3:07  Drone x2  
  35  3:15  Zergling x2  
  36  3:22  Drone x3  
  36  3:23  Drone x3  
  36  3:24  Overlord  
  42  3:33  Drone x2  
  44  3:43  Hatchery  
  43  3:53  Overlord  
  43  3:58  Drone x6  
  43  3:59  Overlord x2  
  49  4:08  Extractor  
  49  4:09  Lair, Extractor  
  47  4:10  Extractor  
  47  4:11  Overlord  
  47  4:12  Overlord  
  45  4:29  Drone x3  
  48  4:32  Drone x5  
  53  4:52  Roach x4  
  61  5:03  Roach x8  
  77  5:09  Overseer  
  77  5:13  Glial Reconstitution  
  77  5:17  Overlord x2  
  77  5:18  Roach x2  
  77  5:19  Roach  
  83  5:46  Roach x10  
  103  5:52  Overlord x3  
  103  6:06  Hatchery, Overlord x3  
  106  6:18  Roach x8  
  106  6:19  Roach  
  120  6:40  Overlord x2  
  120  6:41  Roach x2  
  120  6:42  Roach  
  120  6:43  Roach x2  
  129  7:06  Queen  
  129  7:07  Roach x8  
  147  7:22  Roach x9  
  157  7:55  Roach x5  
  157  7:56  Overlord x4  
  157  7:57  Overlord  
Show
View Real Time Build Order
Export as new Build Order

AltFFourMe Protoss 

Build Orders:  

Get SALT Encoding   

  12  0:01  Probe  
  13  0:20  Pylon  
  13  0:25  Probe  
  14  0:42  Gateway  
  14  0:45  Gateway  
  14  0:48  Probe  
  15  1:00  Probe  
  16  1:12  Probe  
  16  1:14  Assimilator  
  17  1:24  Probe  
  18  1:35  Zealot, Cybernetics Core  
  18  1:36  Zealot  
  22  1:45  Probe  
  23  1:48  Assimilator  
  23  2:06  Pylon  
  23  2:14  Warp Gate (Chrono Boost)  
  23  2:24  Probe  
  24  2:35  Nexus  
  24  2:36  Probe (Chrono Boost)  
  25  2:47  Probe (Chrono Boost)  
  26  2:52  Robotics Facility  
  26  3:00  Stalker  
  26  3:03  Stalker  
  30  3:10  Probe  
  31  3:18  Gateway  
  31  3:24  Gateway  
  31  3:32  Pylon  
  31  3:48  Gateway  
  31  3:51  Gateway  
  31  3:55  Probe  
  31  3:59  Probe  
  33  4:08  Probe  
  34  4:11  Probe  
  34  4:12  Gateway  
  35  4:23  Probe  
  35  4:24  Gateway  
  36  4:27  Probe  
  37  4:35  Probe  
  38  4:39  Probe  
  39  4:47  Warp Prism, Probe  
  39  4:51  Probe  
  43  4:57  Pylon  
  43  4:59  Probe  
  44  5:03  Probe  
  45  5:11  Probe  
  46  5:15  Probe  
  47  5:22  Stalker x2  
  47  5:23  Sentry  
  47  5:25  Zealot  
  47  5:27  Adept x2  
  59  5:54  Pylon  
  59  6:01  Observer  
  60  6:32  Stalker x2  
  62  6:33  Stalker x2  
  62  6:34  Stalker  
  69  7:11  Pylon  
  69  7:15  Pylon  
  49  7:49  Stalker  
  49  7:50  Stalker x5  
  49  7:51  Stalker x2  
  52  7:55  Shield Battery  
  54  8:16  Stalker  
  54  8:17  Stalker x2  
  54  8:19  Stalker  
  46  8:20  Stalker x3  
Tags
 
Add a new tag
Caveats
  • Supply blocks, unpowered buildings, or Contaminate may cause inaccurate times.
  • Supply counts are checked every 10 seconds.